 Dungeon Crawl Stone Soup version 0.26-a0-18-g135ff06667 (webtiles) character file.

Game seed: 17807044020810911337, levelgen mode: deterministic

726 Masnef the Firebug (level 7, -10/59 HPs)
             Began as an Ogre Fire Elementalist on May 25, 2020.
             Mangled by Crazy Yiuf
             ... wielding a +3 quarterstaff of chaos
              (19 damage)
             ... on level 4 of the Dungeon.
             The game lasted 00:09:33 (3684 turns).

Masnef the Firebug (Ogre Fire Elementalist)         Turns: 3684, Time: 00:09:35

Health: -10/59     AC:  3    Str: 13    XL:     7   Next: 72%
Magic:  14/19      EV: 10    Int: 18    God:
Gold:   216        SH:  0    Dex:  9    Spells: 6/10 levels left

rFire    . . .     SeeInvis .   m - +3 whip (elec)
rCold    . . .     Gourm    .   (no shield)
rNeg     . . .     Faith    .   a - +0 robe
rPois    .         Spirit   .   (helmet restricted)
rElec    .         Reflect  .   (no cloak)
rCorr    .         Harm     .   (gloves unavailable)
MR       +....                  (boots unavailable)
Stlth    +.........             b - amulet of regeneration
HPRegen  0.59/turn              j - ring of magical power
MPRegen  0.16/turn              p - ring of protection from magic

@: lightly drained
A: large, unfitting armour, tough skin 1
a: no special abilities


You were on level 4 of the Dungeon.
You were not hungry.

You visited 1 branch of the dungeon, and saw 4 of its levels.

You collected 216 gold pieces.

Inventory:

Hand Weapons
 l - a +0 club
 m - a +3 whip of electrocution (weapon)
 q - a +0 mace
 u - a +0 flail
Missiles
 k - 27 arrows
 w - 39 stones (quivered)
Armour
 a - a +0 robe (worn)
Jewellery
 b - an amulet of regeneration (around neck)
 j - a ring of magical power (left hand)
 p - a ring of protection from magic (right hand)
Scrolls
 e - a scroll of immolation {unknown}
 f - 3 scrolls of remove curse {unknown}
 g - 6 scrolls of identify {unknown}
 n - a scroll of blinking {unknown}
 r - a scroll of random uselessness {unknown}
 s - a scroll of fog {unknown}
 t - 2 scrolls of magic mapping {unknown}
Potions
 d - 3 potions of curing {unknown}
 h - a potion of flight {unknown}
 i - a potion of magic {unknown}
 o - 2 potions of brilliance {unknown}
 v - a potion of ambrosia {unknown}
Comestibles
 c - 6 rations
 x - 4 chunks of flesh


   Skills:
 + Level 3.3(3.0) Maces & Flails
 - Level 1.7(1.4) Dodging
 - Level 1.4(1.1) Stealth
 - Level 2.4(2.1) Spellcasting
 + Level 1.4(1.1) Conjurations
 + Level 7.0(6.7) Fire Magic


You had 6 spell levels left.
You knew the following spells:

 Your Spells              Type           Power        Failure   Level  Hunger
a - Foxfire               Conj/Fire      ###.         3%          1    #......
b - Conjure Flame         Conj/Fire      ###.....     11%         3    ###....

Your spell library contained the following spells:

 Spells                   Type           Power        Failure   Level  Hunger
 Inner Flame              Hex/Fire       ##......     14%         3    ###....
 Sticky Flame             Conj/Fire      ###.....     34%         4    #####..
 Fireball                 Conj/Fire      ###.......   69%         5    ######.


Dungeon Overview and Level Annotations

Branches:
Dungeon (4/15)
 Temple: D:4-7

Altars:
Nemelex Xobeh
Okawaru
The Shining One

Annotations:
D:4 Crazy Yiuf


Innate Abilities, Weirdness & Mutations

You are too large for most types of armour.
You have tough skin. (AC +1)


Message History

You conjure some foxfire!
The foxfire hits Crazy Yiuf but does no damage.
Crazy Yiuf is heavily wounded.
Crazy Yiuf hits you with a +3 quarterstaff of chaos!
You are electrocuted!
* * * LOW HITPOINT WARNING * * *
Your foxfire dissipates!
The foxfire hits Crazy Yiuf.
Crazy Yiuf is severely wounded.
The foxfire hits Crazy Yiuf.
Crazy Yiuf is almost dead.
Crazy Yiuf cries, "Key!
Seed seventy spinner."
Crazy Yiuf laughs, "Scoff!"
Casting: Foxfire (safe; 3% risk of failure)
Confirm with . or Enter, or press ? or * to list all spells.
You conjure some foxfire!
Crazy Yiuf hits you with a +3 quarterstaff of chaos.
* * * LOW HITPOINT WARNING * * *
You are electrocuted!!
You die...

#).#############.#)..#.....###...
[..)...# #.........##.....# #...
..))##.# #........###.....# ##..
.)))##.# #..........#.....# #..
....##.# #........#.#....[# #.>
....##.####........#.......# ###
....##....รท........###.....#
....#######....vg..###.....#
..... #....v@...##.....# ....#
#.###....).#.##### ....# #.#
#......#.######## #.#
#......#.##<....# #.#
#......#.######.# ..#
###....#........# #....#.#.....##
#....###.....# #....# #.....#


You could see Crazy Yiuf.

Vanquished Creatures
  Sigmund (D:3)
  Menkaure (D:4)
  A phantom (D:4)
  A scorpion (D:4)
  2 hounds (D:4)
  2 orc wizards (D:4)
  2 worker ants (D:4)
  Robin (D:4)
  5 adders
  An adder skeleton (D:4)
  3 worms
  2 dart slugs (D:2)
  2 orcs (D:4)
  17 giant cockroaches
  15 goblins
  9 hobgoblins
  A quokka (D:4)
  4 ball pythons
  6 bats
  6 frilled lizards
  A jackal skeleton (D:4)
  4 kobolds
  4 rats
91 creatures vanquished.

Vanquished Creatures (others)
  228 foxfires
228 creatures vanquished.

Grand Total: 319 creatures vanquished

Notes
Turn   | Place    | Note
-------+----------+-------------------------------------------
     0 | D:1      | Masnef the Ogre Fire Elementalist began the quest for the
                  | Orb.
     0 | D:1      | Reached XP level 1. HP: 16/16 MP: 3/3
   130 | D:1      | Reached skill level 3 in Fire Magic
   400 | D:1      | Reached XP level 2. HP: 19/24 MP: 1/5
  1308 | D:2      | Reached XP level 3. HP: 28/31 MP: 6/6
  1334 | D:2      | Reached skill level 4 in Fire Magic
  1583 | D:2      | Reached XP level 4. HP: 30/39 MP: 7/7
  1883 | D:2      | Found a sparkling altar of Nemelex Xobeh.
  2015 | D:2      | Found a glowing golden altar of the Shining One.
  2346 | D:3      | Noticed Sigmund
  2358 | D:3      | Killed Sigmund
  2358 | D:3      | Reached skill level 1 in Maces & Flails
  2358 | D:3      | Reached skill level 5 in Fire Magic
  2358 | D:3      | Reached XP level 5. HP: 43/45 MP: 8/8
  2358 | D:3      | Reached XP level 6. HP: 51/53 MP: 9/9
  2695 | D:4      | Reached skill level 6 in Fire Magic
  2713 | D:4      | Noticed a phantom
  2738 | D:4      | Killed a phantom
  2738 | D:4      | Reached XP level 7. HP: 59/59 MP: 10/10
  3036 | D:4      | Learned a level 3 spell: Conjure Flame
  3066 | D:4      | Found an iron altar of Okawaru.
  3372 | D:4      | Noticed Robin
  3379 | D:4      | Reached skill level 1 in Conjurations
  3385 | D:4      | Killed Robin
  3498 | D:4      | Noticed Menkaure
  3505 | D:4      | Killed Menkaure
  3505 | D:4      | Reached skill level 7 in Fire Magic
  3657 | D:4      | Found a runed translucent door.
  3658 | D:4      | Noticed Crazy Yiuf
  3684 | D:4      | Mangled by Crazy Yiuf

Illustrated notes

Levels and vault maps discovered:
D:1:      tarquinn_simple_flora_water_e, layout_basic, skrybe_limestone_x,
          minmay_misc_feat_hallway
D:2:      minmay_roachtagon, layout_rooms, tso_oasis_becter,
          lemuel_crystal_altar, first_ration
D:3:      layout_rooms, minmay_strange_pillars, uniq_sigmund
D:4:      layout_basic, chequers_hall_statues_wall_a, okawaru_metal_pillars_3,
          uniq_crazy_yiuf_cottage, uniq_menkaure, uniq_robin

Skill      XL: |  1  2  3  4  5  6  7 |
---------------+----------------------+-----
Fire Magic     | 3 4 5 6 7 |  7.0
Maces & Flails | 1 2 3 |  3.3
Conjurations   | 1 |  1.4
Dodging        | |  1.7
Stealth        | |  1.4
Spellcasting   | |  2.4

Action                   |  1- 3 |  4- 6 |  7- 9 || total
-------------------------+-------+-------+-------++-------
Melee: Unarmed           |    90 |       |       ||    90
       Club              |    22 |    16 |       ||    38
       Mace              |       |    26 |     1 ||    27
       Whip              |       |       |    21 ||    21
       Flail             |       |       |     6 ||     6
 Cast: Foxfire           |    44 |    46 |    45 ||   135
 Stab: Sleeping          |     1 |     1 |       ||     2
  Eat: Chunk             |     3 |     4 |     3 ||    10
Armor: Robe              |    67 |    25 |    14 ||   106
Dodge: Dodged            |    85 |    41 |    35 ||   161

Table legend:
 A = Non-vault XP
 B = Vault XP
 C = Vault XP percentage of total XP
 D = Non-vault monster count
 E = Vault monster count
 F = Vault count percentage of total count
                 A         B        C        D         E       F
            +---------+---------+-------+---------+---------+-------
      Total |     592 |     446 |  43.0 |      65 |      26 |  28.6
            +---------+---------+-------+---------+---------+-------
        D:1 |      21 |       0 |   0.0 |      14 |       0 |   0.0
        D:2 |      80 |      22 |  21.6 |      21 |      11 |  34.4
        D:3 |      17 |     212 |  92.6 |      11 |       1 |   8.3
        D:4 |     474 |     212 |  30.9 |      19 |      14 |  42.4
            +---------+---------+-------+---------+---------+-------
